 Dungeon Crawl Stone Soup version 0.24-a0-441-g27f0392e16 (webtiles) character file.

Game seed: 10707270339019227418

35288 Inarius the Severer (level 13, 0/119 HPs)
             Began as a Minotaur Chaos Knight on June 20, 2019.
             Was a Plaything of Xom.
             Slain by a harpy (6 damage)
             ... summoned by Kirke
             ... on level 5 of the Lair of Beasts.
             The game lasted 00:31:52 (16000 turns).

Inarius the Severer (Minotaur Chaos Knight)        Turns: 16000, Time: 00:31:53

Health: 0/119      AC:  0    Str: 25    XL:     13   Next: 46%
Magic:  18/18      EV: 18    Int: 11    God:    Xom [.*....]
Gold:   500        SH:  0    Dex:  9    Spells: 12/12 levels left

rFire    . . .     SeeInvis +   (weapon currently unavailable)
rCold    . . .     Gourm    .   (shield currently unavailable)
rNeg     . . .     Faith    .   (armour currently unavailable)
rPois    .         Spirit   .   (helmet currently unavailable)
rElec    .         Reflect  .   (cloak currently unavailable)
rCorr    .         Harm     .   (gloves currently unavailable)
MR       .....                  (boots currently unavailable)
Stlth    +.........             r - amulet of rage
HPRegen  0.29/turn              (ring currently unavailable)
MPRegen  0.16/turn              (ring currently unavailable)

@: pig-form, slowed
A: small, (retaliatory headbutt), repulsion field 1, see invisible, blink,
clever 1, strong 1
a: Blink, Renounce Religion, Evoke Berserk Rage


You were on level 5 of the Lair of Beasts.
You worshipped Xom.
You were a plaything of Xom.
You were not hungry.
You were a filthy swine.
You visited 2 branches of the dungeon, and saw 16 of its levels.

You collected 950 gold pieces.
You spent 450 gold pieces at shops.

Inventory:

Hand Weapons
 a - a +0 hand axe of chaos
 k - a +3 vampiric broad axe (melded)
 I - a +0 morningstar
Armour
 f - a +1 hat (melded)
 x - the +1 scale mail of Terror {rN++}
   (You found it on level 6 of the Dungeon)

   It greatly protects you from negative energy.
 L - a +1 pair of gloves (melded)
 Q - a +0 cloak (melded)
 S - +4 gold dragon scales (melded)
Jewellery
 e - an uncursed ring of fire
 m - an uncursed ring of poison resistance
 r - an amulet of rage (around neck)
 s - an uncursed ring of protection from magic {unknown}
 t - an uncursed ring of see invisible
 v - an uncursed ring of ice
 E - the ring "Deickarph" {*Corrode rF+ rN++ Int+8 Dex-2}
   (You found it on level 3 of the Lair of Beasts)

   [ring of protection from fire]

   It affects your intelligence (+8).
   It affects your dexterity (-2).
   It protects you from fire.
   It greatly protects you from negative energy.
   It may corrode you when you take damage.
 H - a +3 ring of slaying (melded)
 N - a cursed +5 ring of slaying (melded)
Wands
 p - a wand of flame (8)
 u - a wand of scattershot (13)
 A - a wand of clouds (8)
 D - a wand of digging (7)
 M - a wand of iceblast (10)
 O - a wand of polymorph (8)
 T - a wand of acid (9)
Scrolls
 b - 2 scrolls of noise
 d - 5 scrolls of remove curse
 n - 5 scrolls of immolation
 q - 10 scrolls of teleportation
 y - 5 scrolls of magic mapping
 z - a scroll of vulnerability
 G - a scroll of holy word
 J - 8 scrolls of identify
 R - a scroll of summoning
Potions
 g - 2 potions of haste
 h - 5 potions of curing
 i - 4 potions of heal wounds
 j - 4 potions of flight
 o - a potion of cancellation
 w - 3 potions of agility
 C - a potion of resistance
 F - a potion of magic {unknown}
 K - a potion of might
 P - a potion of invisibility
 U - a potion of mutation {unknown}
Miscellaneous
 B - a lightning rod (4/4)
Comestibles
 c - 42 rations
 l - 7 chunks of flesh


   Skills:
 + Level 12.7 Fighting
 + Level 16.2 Axes
 + Level 13.3 Armour
 - Level 5.0 Dodging
 * Level 9.0 Evocations


You had 12 spell levels left.
You didn't know any spells.
Your spell library contained the following spells:

 Spells                   Type           Power        Failure   Level  Hunger
 Beastly Appendage        Tmut           #.....       34%         1    ##.....
 Corona                   Hex            #......      34%         1    ##.....
 Infusion                 Chrm           #...         34%         1    ##.....
 Magic Dart               Conj           #...         34%         1    ##.....
 Blink                    Tloc           N/A          47%         2    ###....
 Call Imp                 Summ           #.......     47%         2    ###....
 Ensorcelled Hibernation  Hex/Ice        #.....       47%         2    ###....
 Slow                     Hex            #.......     47%         2    ###....
 Sticks to Snakes         Tmut           #.......     47%         2    ###....
 Confuse                  Hex            #.......     71%         3    ####...
 Conjure Flame            Conj/Fire      #.......     71%         3    ####...
 Dazzling Spray           Conj/Hex       #.....       71%         3    ####...
 Mephitic Cloud           Conj/Pois/Air  #.......     71%         3    ####...
 Spectral Weapon          Hex/Chrm       #.......     71%         3    ####...
 Spider Form              Tmut/Pois      #.........   71%         3    ####...
 Tukima's Dance           Hex            #.......     71%         3    ####...
 Ice Form                 Ice/Tmut       #.......     98%         4    #####..
 Blade Hands              Tmut           #.........   100%        5    ######.
 Lightning Bolt           Conj/Air       #.........   100%        5    ######.
 Silence                  Hex/Air        #.........   100%        5    ######.
 Conjure Ball Lightning   Conj/Air       #.........   100%        6    #######


Dungeon Overview and Level Annotations

Branches:
Dungeon (11/15)            Temple (0/1) D:6            Lair (5/6) D:9
  Swamp (0/4) Lair:3       Spider (0/4) Lair:3          Orc (0/2) D:11
  Slime: Lair:5-6

Altars:
Elyvilon
Fedhas
Gozag
Hepliaklqana
Makhleb
Nemelex Xobeh
Okawaru
Xom
Zin

Shops:
D:6 !   D:10 *   D:11 [

Portals:
Trove: D:10 (give +6 demon blade)

Annotations:
D:8 3 runed translucent doors, Stiffzip's ghost, novice MiGl
Lair:1 exclusion: 2 oklob plants
Lair:3 3 runed translucent doors
Lair:5 Kirke


Innate Abilities, Weirdness & Mutations

((You reflexively headbutt those who attack you in melee.))
((You have a pair of horns on your head.))
((You have sharp toenails.))
You are surrounded by a mild repulsion field. (EV +2)
You have supernaturally acute eyesight. (SInv)
You can translocate small distances at will.
Your mind is acute. (Int +2)
((Your flesh is heat resistant. (rF+)))
((Your system is resistant to poisons. (rPois)))
((You are covered in fur. (AC +1)))
Your muscles are strong. (Str +2)


Message History

The harpy screeches!
Kirke gestures wildly while chanting.
Kirke summons some harpies!
The harpy claws you!!
* * * LOW HITPOINT WARNING * * *
The harpy misses you. The harpy claws you!
* * * LOW HITPOINT WARNING * * *
The harpy claws you.
* * * LOW HITPOINT WARNING * * *
You feel much better.
The harpy screeches! x2
The harpy claws you!
* * * LOW HITPOINT WARNING * * *
The harpy claws you!
* * * LOW HITPOINT WARNING * * *
The harpy completely misses you. The harpy claws you!
* * * LOW HITPOINT WARNING * * *
The harpy barely misses you. The harpy closely misses you. x3
The harpy claws you.
You die...
Xom chortles!

....#### ####....#..#
#.#........# #.#.........
######## #........#..
####..##..####...#.......
##...PP#...#....##†......
.<..............hHH/.....
.÷#....#.......HH@†......
.......................#.
#.#....##.......H#.......
#...[..##.P#.....#.......
#....)....P..............
#.....##.......[.........
.............P......#....
.............P..


You could see Kirke and 5 harpies.

Vanquished Creatures
  The ghost of Plog the Severer, a journeyman MiBe of Trog (Lair:3)
  Snorg (D:10)
  An ice dragon (Lair:3)
  2 hydras
  A centaur warrior (D:11)
  A death yak (Lair:4)
  A death drake (shapeshifter) (Lair:3)
  Pikel (D:7)
  An ugly thing (D:11)
  9 elephants (Lair:3)
  3 black mambas
  4 spiny frogs
  6 rime drakes
  7 komodo dragons
  A queen bee (Lair:2)
  A meliai (shapeshifter) (Lair:1)
  3 trolls
  A merfolk (D:10)
  Grinder (D:4)
  5 dream sheep (Lair:5)
  7 hippogriffs
  2 blink frogs (Lair:3)
  Sigmund (D:6)
  3 wyverns
  30 yaks
  7 hogs
  A hungry ghost (D:9)
  6 water moccasins
  A hydra simulacrum (Lair:3)
  7 porcupines
  6 orc warriors
  2 ice beasts
  3 slaves (D:7)
  A black bear (D:9)
  3 phantoms
  3 sky beasts
  4 necrophages
  4 ogres
  12 wolves
  5 crocodiles
  4 centaurs
  A big kobold (D:9)
  9 bullfrogs
  2 spiny frog simulacra (Lair:3)
  A wyvern skeleton (D:11)
  2 scorpions
  2 elephant simulacra (Lair:3)
  5 wights (D:9)
  37 killer bees
  6 howler monkeys
  2 bullfrog zombies
  3 electric eels (D:9)
  7 crimson imps
  3 jellies
  A water moccasin simulacrum (Lair:3)
  9 hounds
  6 orc wizards
  4 centaur skeletons
  8 orc priests
  5 iguanas
  6 worker ants
  A killer bee zombie (D:6)
  2 hound skeletons
  A worker ant zombie (D:5)
  A howler monkey zombie (D:6)
  3 gnolls (D:9)
  A howler monkey skeleton (D:4)
  11 adders
  A shadow imp (D:5)
  2 adder skeletons
  2 worms
  2 dart slugs
  5 leopard geckos
  54 orcs
  7 bats
  12 giant cockroaches
  8 goblins
  2 hobgoblins
  9 jackals
  3 quokkas
  2 ball pythons (D:2)
  A ball python skeleton (D:4)
  3 frilled lizards
  14 kobolds
  A leopard gecko skeleton (D:5)
  11 rats
  2 plants (Lair:1)
443 creatures vanquished.

Vanquished Creatures (collateral kills)
  A komodo dragon (Lair:3)
  2 yaks
  A human (D:9)
  A hog (D:9)
  A bullfrog (Lair:3)
  A worm (Lair:3)
7 creatures vanquished.

Vanquished Creatures (others)
  2 blink frogs (Lair:3)
  2 yaks
  A bullfrog skeleton (D:10)
  A ball lightning (D:11)
  2 fungi
  6 plants
14 creatures vanquished.

Grand Total: 464 creatures vanquished

Notes
Turn   | Place    | Note
-------+----------+-------------------------------------------
     0 | D:1      | Inarius the Minotaur Chaos Knight began the quest for the
                  | Orb.
     0 | D:1      | Reached XP level 1. HP: 19/19 MP: 0/0
   126 | D:1      | XOM: butterfly on damage
   210 | D:1      | Reached XP level 2. HP: 22/27 MP: 1/1
   521 | D:1      | Reached skill level 4 in Axes
  1025 | D:2      | Found a burning altar of Makhleb.
  1068 | D:2      | Found a blossoming altar of Fedhas.
  1152 | D:2      | Reached XP level 3. HP: 32/34 MP: 2/2
  1157 | D:2      | XOM: harmless Air miscast
  1167 | D:2      | XOM: harmless Chrm miscast
  1217 | D:2      | Reached XP level 4. HP: 41/41 MP: 3/3
  1249 | D:2      | XOM: harmless Tloc miscast
  1645 | D:3      | XOM: fake destruction
  1650 | D:3      | Noticed a bullfrog
  1736 | D:2      | XOM: god gift: ration
  1967 | D:3      | XOM: potion effect (agility)
  1977 | D:3      | Killed a bullfrog
  1977 | D:3      | Reached skill level 5 in Fighting
  1977 | D:3      | Reached skill level 5 in Axes
  1977 | D:3      | Reached XP level 5. HP: 17/48 MP: 4/4
  2216 | D:3      | XOM is BORED!
  2572 | D:3      | XOM: butterfly on damage
  2601 | D:3      | XOM: butterfly on damage
  2717 | D:3      | XOM: god gift: 2 boomerangs of dispersal
  2745 | D:3      | XOM: swap monsters
  2897 | D:3      | Reached skill level 6 in Axes
  3019 | D:3      | Reached XP level 6. HP: 56/56 MP: 5/5
  3310 | D:4      | Found a sparkling altar of Nemelex Xobeh.
  3380 | D:4      | XOM: destruction
  3533 | D:4      | XOM: mild Ice miscast
  3562 | D:4      | XOM: enchant monster (bad)
  3570 | D:4      | XOM: chaos upgrade
  3637 | D:3      | XOM: mild Chrm miscast
  3767 | D:4      | Reached skill level 7 in Axes
  3848 | D:4      | Reached XP level 7. HP: 40/63 MP: 6/6
  4013 | D:4      | Noticed Grinder
  4037 | D:4      | XOM: cast spell 'Summon Small Mammal'
  4053 | D:4      | Killed Grinder
  4053 | D:4      | Reached skill level 5 in Armour
  4407 | D:5      | Entered Level 5 of the Dungeon
  4455 | D:5      | Reached skill level 8 in Axes
  4589 | D:5      | XOM: mild Tloc miscast
  4670 | D:5      | Reached XP level 8. HP: 61/71 MP: 7/7
  4931 | D:5      | XOM: silly message
  4950 | D:5      | Found a glowing silver altar of Zin.
  4951 | D:5      | Found a white marble altar of Elyvilon.
  4952 | D:5      | Found a shimmering altar of Xom.
  5198 | D:6      | Found a staircase to the Ecumenical Temple.
  5225 | D:6      | Got a dazzling scale mail
  5238 | D:6      | Identified the cursed +1 scale mail of Terror {rN++} (You
                  | found it on level 6 of the Dungeon)
  5384 | D:6      | XOM: mild Tloc miscast
  5396 | D:6      | XOM: potion effect (agility)
  5420 | D:6      | Found Woguulao's Distillery.
  5432 | D:6      | Bought a potion of curing for 45 gold pieces
  5432 | D:6      | Bought a potion of resistance for 150 gold pieces
  5519 | D:6      | XOM: summons 1 hostile demon
  5587 | D:6      | XOM: harmless Air miscast
  5608 | D:6      | Noticed Sigmund
  5615 | D:6      | Reached skill level 9 in Axes
  5615 | D:6      | Reached skill level 1 in Evocations
  5618 | D:6      | Killed Sigmund
  5646 | D:6      | XOM: give mutations
  5646 | D:6      | Gained mutation: You are covered in fur. (AC +1) [Xom's
                  | grace]
  5646 | D:6      | Gained mutation: Your muscles are strong. (Str +2) [Xom's
                  | grace]
  5714 | D:6      | XOM: fake destruction
  5740 | D:6      | XOM: give mutations
  5740 | D:6      | Gained mutation: You can translocate small distances at
                  | will. [Xom's grace]
  5740 | D:6      | Gained mutation: You have sharp toenails. [Xom's grace]
  5818 | D:6      | XOM: divination: detect items
  6032 | D:7      | XOM: enchant monster (good)
  6054 | D:7      | XOM: summons 5 friendly demons
  6056 | D:7      | Reached XP level 9. HP: 61/79 MP: 9/9
  6351 | D:7      | XOM: 1-stop teleportation journey
  6367 | D:7      | Reached skill level 10 in Axes
  6469 | D:7      | Found an opulent altar of Gozag.
  6810 | D:7      | Noticed Pikel
  6832 | D:7      | Killed Pikel
  6896 | D:7      | XOM: cloud trail
  6915 | D:7      | XOM: summons 3 friendly demons
  6969 | D:7      | Found a hazy altar of Hepliaklqana.
  7106 | D:8      | Found a runed translucent gate.
  7107 | D:8      | Found a runed translucent gate.
  7108 | D:8      | Found a runed translucent gate.
  7108 | D:8      | XOM: god gift: 15 gold pieces
  7110 | D:8      | Noticed Stiffzip's ghost (novice MiGl)
  7569 | D:8      | Reached XP level 10. HP: 78/90 MP: 12/12
  7794 | D:8      | XOM: polymorph killer bee -> shapeshifter
  7795 | D:8      | XOM: fog
  7796 | D:8      | Noticed a guardian serpent
  7796 | D:8      | a troll changed into a guardian serpent
  7873 | D:8      | XOM: god gift: scroll of immolation
  8078 | D:8      | Noticed an ice dragon
  8110 | D:9      | XOM: confuse monster(s)
  8120 | D:9      | XOM: enchant monster (good)
  8131 | D:9      | Reached skill level 11 in Axes
  8192 | D:9      | XOM: silly message
  8207 | D:9      | Reached skill level 5 in Dodging
  8229 | D:9      | Found a staircase to the Lair.
  8845 | D:9      | Found a hazy altar of Hepliaklqana.
  8868 | D:9      | Reached skill level 5 in Evocations
  9216 | D:9      | Found an iron altar of Okawaru.
  9304 | D:10     | Entered Level 10 of the Dungeon
  9364 | D:10     | Reached skill level 12 in Axes
  9503 | D:10     | Found Ceups's Assorted Antiques.
  9511 | D:10     | Bought a bound bronze ring for 85 gold pieces
  9511 | D:10     | Bought a potion of heal wounds for 85 gold pieces
  9511 | D:10     | Bought a scroll of identify for 34 gold pieces
  9511 | D:10     | Bought a scroll of teleportation for 51 gold pieces
  9511 | D:10     | Identified the cursed ring of Faloec {Str-2 Int+3} (You
                  | bought it in a shop on level 10 of the Dungeon)
  9687 | D:10     | XOM: polymorph yak -> merfolk
  9694 | D:10     | Reached skill level 10 in Armour
  9706 | D:10     | XOM: destruction
  9787 | D:10     | Noticed Snorg
  9791 | D:10     | XOM: swap monsters
  9802 | D:10     | Killed Snorg
  9802 | D:10     | Reached XP level 11. HP: 88/99 MP: 14/14
  9804 | D:10     | XOM: 3-stop teleportation journey
  9941 | D:10     | Found a portal to a secret trove of treasure.
 10104 | D:11     | Found a staircase to the Orcish Mines.
 10104 | D:11     | Found Poroylot's Armour Shop.
 10119 | D:11     | XOM: severe Air miscast
 10140 | D:11     | XOM: enchant monster (good)
 10177 | D:11     | XOM: god gift: 34 gold pieces
 10224 | D:11     | Noticed a purple ugly thing
 10352 | D:10     | XOM: cleaving
 10369 | D:10     | Reached skill level 10 in Fighting
 10369 | D:10     | Reached skill level 13 in Axes
 10642 | D:11     | XOM: confuse monster(s)
 10699 | D:10     | XOM: give mutations
 10699 | D:10     | Gained mutation: You have supernaturally acute eyesight.
                  | (SInv) [Xom's grace]
 10699 | D:10     | Gained mutation: Your system is resistant to poisons.
                  | (rPois) [Xom's grace]
 10699 | D:10     | Gained mutation: You are somewhat resistant to further
                  | mutation. [Xom's grace]
 10893 | D:11     | Noticed a centaur warrior
 10907 | D:11     | Killed a centaur warrior
 11034 | D:11     | XOM: 1-stop teleportation journey
 11384 | D:11     | XOM: scenery: create altars
 11392 | D:11     | XOM: 2-stop teleportation journey
 11608 | D:11     | Killed a purple ugly thing
 11732 | Lair:1   | Entered Level 1 of the Lair of Beasts
 11754 | Lair:1   | XOM: summons friendly quasit
 11767 | Lair:1   | XOM: scenery: create altars
 12325 | Lair:1   | XOM: fog
 12418 | Lair:1   | Noticed a four-headed hydra
 12422 | Lair:1   | Killed a four-headed hydra
 12422 | Lair:1   | Reached skill level 14 in Axes
 12422 | Lair:1   | Reached XP level 12. HP: 103/108 MP: 16/16
 13171 | Lair:2   | Identified the Volume of Aerial Enhancements
 13223 | Lair:2   | XOM: give mutations
 13223 | Lair:2   | Gained mutation: Your mind is acute. (Int +2) [Xom's grace]
 13223 | Lair:2   | Gained mutation: Your flesh is heat resistant. (rF+) [Xom's
                  | grace]
 13223 | Lair:2   | Gained mutation: You are robust. (+10% HP) [Xom's grace]
 13296 | Lair:2   | XOM: summons friendly ufetubus
 13309 | Lair:2   | XOM: noise
 13459 | Lair:2   | XOM: fog
 13491 | Lair:2   | Identified a scroll of acquirement
 13507 | Lair:2   | XOM: god gift: scroll of amnesia
 13534 | Lair:2   | XOM: medium Ice miscast
 13550 | Lair:2   | XOM: mild Necr miscast
 13577 | Lair:2   | XOM: polymorph killer bee -> wolf
 13578 | Lair:2   | XOM: 6-stop teleportation journey
 13603 | Lair:2   | XOM: mild Summ miscast
 14098 | Lair:3   | XOM: noise
 14109 | Lair:3   | XOM: give mutations
 14109 | Lair:3   | Gained mutation: You are surrounded by a mild repulsion
                  | field. (EV +2) [Xom's mischief]
 14109 | Lair:3   | Lost mutation: You are somewhat resistant to further
                  | mutation. [Xom's mischief]
 14109 | Lair:3   | Lost mutation: You are robust. (+10% HP) [Xom's mischief]
 14111 | Lair:3   | XOM: polymorph porcupine -> glowing shapeshifter
 14120 | Lair:3   | XOM: divine lightning
 14122 | Lair:3   | XOM: scenery: create altars
 14125 | Lair:3   | XOM: summons friendly hellwing
 14147 | Lair:3   | Reached skill level 15 in Axes
 14184 | Lair:3   | Found a staircase to the Swamp.
 14223 | Lair:3   | Found a runed translucent gate.
 14223 | Lair:3   | Found a runed translucent gate.
 14223 | Lair:3   | Found a runed translucent gate.
 14227 | Lair:3   | Noticed a five-headed hydra
 14233 | Lair:3   | Killed a six-headed hydra
 14276 | Lair:3   | Noticed Plog's ghost (journeyman MiBe)
 14277 | Lair:3   | Noticed an ice dragon
 14289 | Lair:3   | Got a wavering brass ring
 14291 | Lair:3   | Identified the ring "Deickarph" {*Corrode rF+ rN++ Int+8
                  | Dex-2} (You found it on level 3 of the Lair of Beasts)
 14320 | Lair:3   | XOM: cast spell 'Statue Form'
 14326 | Lair:3   | Reached XP level 13. HP: 118/118 MP: 18/18
 14378 | Lair:3   | Found a hole to the Spider Nest.
 14492 | Lair:3   | XOM: god gift: scroll of amnesia
 14595 | Lair:3   | XOM: mild Pois miscast
 14781 | Lair:3   | XOM: scenery: 3 doors open
 14859 | Lair:3   | XOM: enchant monster (good)
 14865 | Lair:3   | XOM: fog
 14873 | Lair:3   | Killed Plog's ghost
 14924 | Lair:3   | XOM: scenery: create altars
 15233 | Lair:4   | XOM: medium Air miscast
 15282 | Lair:4   | XOM: fog
 15319 | Lair:4   | XOM: 10-stop teleportation journey
 15805 | Lair:5   | XOM: cast spell 'Leda's Liquefaction'
 15810 | Lair:5   | Reached skill level 16 in Axes
 15810 | Lair:5   | Noticed Kirke
 15820 | Lair:5   | Noticed a sphinx
 15924 | Lair:5   | XOM: divine lightning
 16000 | Lair:5   | Slain by a harpy

Levels and vault maps discovered:
D:1:      dpeg_arrival_circle_labyrinth_c, layout_basic, minivault_25,
          minmay_curled_crystal
D:2:      layout_basic, lemuel_crystal_altar, lemuel_round_altar, first_ration
D:3:      layout_basic
D:4:      layout_basic, nemelex_altar_shiori, uniq_grinder
D:5:      layout_loops_ring, minitemple
D:6:      layout_loops_ring, minmay_temple_entry_waves, serial_shops, shop,
          hangedman_abyss_or_decor_stagger, uniq_sigmund
D:7:      layout_basic, grunt_gozag_statues, overflow_temple_1_default,
          serial_glass, glass_columns_b, glass_columns_a, uniq_pikel
D:8:      layout_cave_pods, ebering_ghost_rock_garden
D:9:      layout_basic, okawaru_altar_gauntlet_db, erik_lair_island,
          basic_altar, grunt_livestock
D:10:     layout_loops_cross, nicolae_trove_entry_columns, serial_shops, shop,
          uniq_snorg
D:11:     layout_cave_pools, orc_david_3
Lair:1:   beast_lair_carwin_large_3, layout_gridlike, serial_bayou_pond_e,
          minmay_lair_oklob_chamber
Lair:2:   layout_roguey [special_room_bee], st_stairs_5, grunt_megastairs_4
Lair:3:   layout_cave_shapes, minmay_swamp_entry_reptiles,
          nicolae_spider_entry_non_spiders, gammafunk_ghost_icy
Lair:4:   layout_misc_corridors
Lair:5:   layout_misc_corridors, grunt_forest_large_clearings, uniq_kirke

Skill      XL: |  1  2  3  4  5  6  7  8  9 10 11 12 13 |
---------------+----------------------------------------+-----
Fighting       | 4 5 6 7 8 9 10 12 | 12.7
Axes           | 4 5 6 7 8 9 10 12 14 15 16 | 16.2
Armour         | 3 4 5 7 9 10 11 13 | 13.3
Dodging        | 2 3 4 5 |  5.0
Evocations     | 2 4 5 7 8 9 |  9.0

Action                   |  1- 3 |  4- 6 |  7- 9 | 10-12 | 13-15 || total
-------------------------+-------+-------+-------+-------+-------++-------
Melee: Hand axe          |    58 |   153 |   340 |   519 |       ||  1070
       Headbutt          |     7 |    23 |    56 |   127 |    19 ||   232
       Kick              |       |       |    42 |   188 |    35 ||   265
       Broad axe         |       |       |       |    81 |    99 ||   180
       Unarmed           |       |       |       |       |     2 ||     2
Evoke: Wand              |       |       |     1 |    18 |     3 ||    22
       Lightning rod     |       |       |       |     5 |       ||     5
  Use: Scroll            |       |       |    14 |     6 |     7 ||    27
       Potion            |       |       |     4 |     2 |     2 ||     8
 Stab: Paralysed         |       |       |     4 |     4 |       ||     8
       Petrified         |       |       |       |     6 |       ||     6
       Petrifying        |       |       |       |     1 |       ||     1
       Confused          |       |       |       |     1 |       ||     1
       Distracted        |       |       |       |     1 |       ||     1
  Eat: Chunk             |     1 |     8 |    12 |    23 |     6 ||    50
Armor: Leather armour    |    22 |    11 |       |       |       ||    33
       Chain mail        |       |    56 |    39 |       |       ||    95
       Skin              |       |       |    10 |     6 |     2 ||    18
       Scale mail        |       |       |    83 |   153 |       ||   236
       Plate armour      |       |       |       |    92 |    25 ||   117
       Gold dragon scale |       |       |       |       |    44 ||    44
Dodge: Dodged            |    41 |    62 |   136 |   276 |    55 ||   570

Table legend:
 A = Non-vault XP
 B = Vault XP
 C = Vault XP percentage of total XP
 D = Non-vault monster count
 E = Vault monster count
 F = Vault count percentage of total count
                 A         B        C        D         E       F
            +---------+---------+-------+---------+---------+-------
      Total |   35226 |   15186 |  30.1 |     345 |     104 |  23.2
            +---------+---------+-------+---------+---------+-------
        D:1 |      35 |       0 |   0.0 |      20 |       0 |   0.0
        D:2 |      78 |       0 |   0.0 |      14 |       0 |   0.0
        D:3 |     272 |       0 |   0.0 |      44 |       0 |   0.0
        D:4 |     404 |     279 |  40.8 |      19 |       1 |   5.0
        D:5 |     488 |       0 |   0.0 |      14 |       0 |   0.0
        D:6 |     719 |     227 |  24.0 |      17 |       1 |   5.6
        D:7 |    1220 |     673 |  35.6 |      26 |       1 |   3.7
        D:8 |    2029 |       0 |   0.0 |      34 |       0 |   0.0
        D:9 |    1500 |    1408 |  48.4 |      30 |      18 |  37.5
       D:10 |    1878 |    1190 |  38.8 |      16 |       1 |   5.9
       D:11 |    5496 |     281 |   4.9 |      34 |       5 |  12.8
     Lair:1 |    3689 |    2705 |  42.3 |      12 |      15 |  55.6
     Lair:2 |    2790 |    2278 |  44.9 |      14 |      29 |  67.4
     Lair:3 |    8584 |    4624 |  35.0 |      28 |      24 |  46.2
     Lair:4 |    4276 |     404 |   8.6 |      16 |       2 |  11.1
     Lair:5 |    1768 |    1117 |  38.7 |       7 |       7 |  50.0
            +---------+---------+-------+---------+---------+-------
